 Dungeon Crawl Stone Soup version 0.29-a0-817-g9904bce7a6 (webtiles) character file.

Game seed: 8796990633254768848

193 RevDB the Magician (level 5, -1/28 HPs)
             Began as a Deep Elf Fire Elementalist on July 5, 2022.
             Slain by an iguana (4 damage)
             ... on level 3 of the Dungeon.
             The game lasted 00:32:14 (3330 turns).

RevDB the Magician (Deep Elf Fire Elementalist)     Turns: 3330, Time: 00:32:14

Health: -1/28      AC:  2    Str:  5    XL:     5   Next: 44%
Magic:  8/14       EV: 13    Int: 22    God:
Gold:   253        SH:  0    Dex: 15    Spells: 3/13 levels left

rFire   . . .      SeeInvis .   r - +0 dagger (elec)
rCold   . . .      Faith    .   (no shield)
rNeg    . . .      Spirit   .   a - +0 robe
rPois   .          Reflect  .   (no helmet)
rElec   .          Harm     .   (no cloak)
rCorr   .          Rampage  .   (no gloves)
Will    .....                   (no boots)
Stlth   ++........              (no amulet)
HPRegen 0.09/turn               (no ring)
MPRegen 0.14/turn               (no ring)

@: no status effects
A: no striking features
a: no special abilities


You were on level 3 of the Dungeon.
You visited 1 branch of the dungeon, and saw 5 of its levels.

You collected 253 gold pieces.

Inventory:

Hand Weapons
 c - a +0 whip
 m - a +0 dagger
 r - a +0 dagger of electrocution (weapon)
 t - a +4 club
Armour
 a - a +0 robe (worn)
Magical Staves
 j - a staff of air
 q - a staff of poison
Scrolls
 d - 3 scrolls of identify {unknown}
 f - 6 scrolls of teleportation {unknown}
 i - 2 scrolls of fear {unknown}
 k - 2 scrolls of fog {unknown}
 n - a scroll of enchant weapon {unknown}
 o - a scroll of summoning {unknown}
 s - 2 scrolls of noise {unknown}
 u - a scroll of vulnerability {unknown}
 v - a scroll of magic mapping {unknown}
Potions
 b - a potion of magic
 e - 2 potions of mutation {unknown}
 g - 3 potions of attraction {unknown}
 h - 4 potions of curing {unknown}
 l - a potion of degeneration {unknown}
 p - a potion of heal wounds {unknown}


   Skills:
 + Level 3.3 Dodging
 - Level 3.0 Stealth
 + Level 4.9 Spellcasting
 + Level 2.3 Conjurations
 - Level 3.0 Hexes
 - Level 4.0 Fire Magic


You had 3 spell levels left.
You knew the following spells:

 Your Spells              Type           Power      Damage    Failure   Level
a - Foxfire               Conj/Fire      76%        2x1d7     2%          1
b - Slow                  Hex            72%        N/A       3%          1
c - Scorch                Fire           46%        2d7       3%          2
d - Conjure Flame         Conj/Fire      19%        6-21      9%          3
e - Inner Flame           Hex/Fire       20%        N/A       8%          3

Your spell library contained the following spells:

 Spells                   Type           Power      Damage    Failure   Level
 Confusing Touch          Hex            18%        N/A       9%          3
 Summon Small Mammal      Summ           20%        N/A       11%         1
 Summon Guardian Golem    Hex/Summ       12%        N/A       17%         3
 Call Canine Familiar     Summ           5%         N/A       30%         3
 Gell's Gravitas          Tloc           5%         N/A       30%         3
 Teleport Other           Tloc           5%         N/A       30%         3
 Vampiric Draining        Necr           5%         2d6       30%         3
 Flame Wave               Conj/Fire      19%        2d6       26%         4
 Dispersal                Tloc           2%         N/A       100%        6


Dungeon Overview and Level Annotations

Branches:
Dungeon (5/15)
 Temple: D:4-7

Altars:
Fedhas
Wu Jian

Shops:
D:5 (

Annotations:
D:3 exclusion: oklob plant, Natasha


Message History

Casting: Scorch (safe; 3% risk of failure)
Confirm with . or Enter, or press ? or * to list all spells.
Flames lash the hound.
The hound is burned terribly!
You kill the hound!
Casting: Scorch (safe; 3% risk of failure)
Confirm with . or Enter, or press ? or * to list all spells.
Flames lash the adder.
The adder is burned terribly!
You kill the adder!
You start resting.
Magic restored.
You start resting.
HP restored.
You climb downwards.
The ball python bites you but does no damage.
The ball python closely misses you. The iguana closely misses you.
The ball python bites you but does no damage.
The ball python grabs you. The ball python constricts you.
There is a stone staircase leading up here.
You escape the ball python's grasp.
The iguana bites you!
You climb upwards.
Level annotation: exclusion: oklob plant, Natasha
There is a stone staircase leading down here.
Casting: Scorch (safe; 3% risk of failure)
Confirm with . or Enter, or press ? or * to list all spells.
Flames lash the iguana.
The iguana is heavily wounded.
The iguana's fire resistance burns away.
The iguana barely misses you.
Casting: Scorch (safe; 3% risk of failure)
Confirm with . or Enter, or press ? or * to list all spells.
Flames lash the iguana.
The iguana is burned terribly!
The iguana is severely wounded.
The iguana bites you!
* * * LOW HITPOINT WARNING * * *
Casting: Scorch (safe; 3% risk of failure)
Confirm with . or Enter, or press ? or * to list all spells.
Flames lash the iguana.
The iguana is severely wounded.
The iguana bites you.
You die...

#### ...# ...# ...#
...####### .........#
.........###
...........#######
..............Sl@#
...........##################
.......###.## #.....))......#
.....##.....# #.##########.##
.....#......###.# ###.#
#[...#......'...# #...#
#....#..(...##### #.###
#...........# #.#
#..........## #.#


You could see an iguana (combustible) and a ball python.

Vanquished Creatures
  2 hounds
  Jessica (D:2)
  4 adders
  2 worms (D:2)
  A dart slug (D:1)
  An orc (D:3)
  7 ball pythons
  6 endoplasms
  3 giant cockroaches
  4 goblins
  5 hobgoblins
  4 jackals (D:2)
  2 quokkas
  8 bats
  4 frilled lizards
  4 kobolds
  7 rats
65 creatures vanquished.

Vanquished Creatures (others)
  120 foxfires
  12 plants
132 creatures vanquished.

Grand Total: 197 creatures vanquished

Notes
Turn   | Place    | Note
-------+----------+-------------------------------------------
     0 | D:1      | RevDB the Deep Elf Fire Elementalist began the quest for
                  | the Orb.
     0 | D:1      | Reached XP level 1. HP: 10/10 MP: 6/6
   152 | D:1      | Reached XP level 2. HP: 15/15 MP: 0/8
   505 | D:1      | Reached XP level 3. HP: 19/19 MP: 5/9
   591 | D:1      | Learned a level 1 spell: Slow
   771 | D:2      | Learned a level 2 spell: Scorch
   889 | D:2      | Found a faded altar of an unknown god.
  1113 | D:4      | Found an ornate altar of the Wu Jian Council.
  1129 | D:5      | Entered Level 5 of the Dungeon
  1136 | D:5      | Reached XP level 4. HP: 24/24 MP: 6/12
  1139 | D:5      | Found Vaabeg's Antique Weapon Emporium.
  1145 | D:5      | Noticed a centaur
  1465 | D:3      | Found a blossoming altar of Fedhas.
  1511 | D:3      | Learned a level 3 spell: Conjure Flame
  1517 | D:3      | Noticed an oklob plant
  1690 | D:3      | Noticed Natasha
  2315 | D:2      | Noticed Jessica
  2316 | D:2      | Killed Jessica
  2317 | D:2      | Reached XP level 5. HP: 28/28 MP: 10/13
  2321 | D:2      | Learned a level 3 spell: Inner Flame
  3244 | D:4      | Noticed an ogre
  3330 | D:3      | Slain by an iguana

Illustrated notes

Levels and vault maps discovered:
D:1:      dpeg_arrival_arbitrary_b, layout_rooms
D:2:      minmay_skewed_foursquare, layout_loops_ring, basic_ecumenical_altar,
          minmay_strange_pillars, minmay_between, uniq_jessica
D:3:      layout_basic, tgw_fedhas, uniq_natasha
D:4:      layout_cave_pools, mainiacjoe_overflow_paths,
          nicolae_vehumet_radiance, serial_bayou_lake_a
D:5:      layout_basic, serial_shops, nicolae_shop_statue_plus, minmay_circle_x

Skill      XL: |  1  2  3  4  5 |
---------------+----------------+-----
Stealth        | 3 |  3.0
Dodging        | 3 |  3.3
Conjurations   | 2 |  2.3
Spellcasting   | 4 |  4.9
Hexes          | 2 3 |  3.0
Fire Magic     | 4 |  4.0

Action                   |  1- 3 |  4- 6 || total
-------------------------+-------+-------++-------
Melee: Whip              |     7 |       ||     7
       Dagger            |       |    18 ||    18
 Cast: Foxfire           |    53 |    17 ||    70
       Scorch            |     4 |    32 ||    36
       Slow              |     1 |     2 ||     3
       Inner Flame       |       |     1 ||     1
Armor: Robe              |     3 |     6 ||     9
Dodge: Dodged            |    21 |    20 ||    41

Table legend: (Time is in decaauts)
 A = Elapsed time spent in this place.
 B = Non-inter-level travel time spent in this place.
 C = Inter-level travel time spent in this place.
 D = Time resting spent in this place.
 E = Time spent auto-exploring this place.
 F = Levels seen in this place.
 G = Mean time per level.
                   A        B        C        D        E       F      G
               +--------+--------+--------+--------+--------+-----+--------+
         Total |   3346 |   3287 |     59 |    618 |    785 |   5 |  669.2 |
       Dungeon |   3346 |   3287 |     59 |    618 |    785 |   5 |  669.2 |
               +--------+--------+--------+--------+--------+-----+--------+

Top non-repeatable levels by time:
     D:2: 1380 daAuts
     D:3: 962 daAuts
     D:1: 720 daAuts
     D:4: 250 daAuts
     D:5: 31 daAuts
